 Dungeon Crawl Stone Soup version 0.30.1-11-g7821555f0a (webtiles) character file.

Game seed: 2379540513574908315

63 booth the Chopper (level 3, -2/28 (30) HPs)
             Began as a Demonspawn Monk on Dec 20, 2023.
             Slain by an orc
             ... wielding a +0 mace
              (6 damage)
             ... on level 3 of the Dungeon.
             The game lasted 00:09:02 (1868 turns).

booth the Chopper (Demonspawn Monk)                 Turns: 1868, Time: 00:09:02

HP:   -2/28 (30)    AC:  3    Str: 13    XL:     3   Next: 87%
MP:   3/3           EV: 12    Int: 11    God:
Gold: 79            SH:  0    Dex: 17    Spells: 2/2 levels left

rFire   . . .        a - +0 hand axe
rCold   . . .        d - orb {light}
rNeg    . . .        j - +0 leather armour
rPois   .            (no helmet)
rElec   .            (no cloak)
rCorr   .            (no gloves)
SInv    .            (no boots)
Will    .....        (no amulet)
Stlth   +            (no ring)
HPRegen 0.24/turn    (no ring)
MPRegen 0.08/turn

%: no passive effects
@: confused, ambrosia-drunk, glowing, drained
A: thin skeletal structure 1
a: no special abilities


You were on level 3 of the Dungeon.
You visited 1 branch of the dungeon, and saw 3 of its levels.

You collected 79 gold pieces.

Inventory:

Hand Weapons
 a - a +0 hand axe (weapon)
Missiles
 i - 4 javelins (quivered)
 l - 3 poisoned darts
Armour
 b - a +0 robe
 d - an orb of light (worn)
 j - a +0 leather armour (worn)
Scrolls
 h - a scroll of vulnerability
 n - a scroll of enchant armour
Potions
 e - a potion of attraction
 f - 3 potions of curing
 g - a potion of cancellation
 k - a potion of flight {unknown}


   Skills:
 + Level 3.6 Fighting
 * Level 3.8 Axes
 - Level 2.8 Dodging


You had 2 spell levels left.
You didn't know any spells.
Your spell library contained the following spells:

 Spells                   Type           Power      Damage    Failure   Level
 Poisonous Vapours        Pois/Air       0%         N/A       56%         2
 Mephitic Cloud           Conj/Pois/Air  0%         N/A       80%         3
 Freezing Cloud           Conj/Ice/Air   0%         6-21      100%        5


Dungeon Overview and Level Annotations

Branches:
Dungeon (3/15)

Altars:
Nemelex Xobeh


Innate Abilities, Weirdness & Mutations

You have a somewhat thin skeletal structure. (Dex +2, Stealth+)


Message History

An orc comes into view. It is wielding a +0 flail.
The orc shouts!
An orc comes into view. It is wielding a +0 mace.
An orc wizard comes into view. It is wielding a +0 dagger.
The orc shouts!
The orc wizard shouts!
You barely miss the orc. The orc hits you with a +0 flail!
An orc comes into view. It is wielding a +0 short sword.
The orc hits you with a +0 flail.
The orc shouts!
You hit the orc.
The orc is lightly wounded.
The orc hits you with a +0 flail!
You slash the orc!
You kill the orc!
You hit the orc but do no damage. The orc hits you but does no damage.
You hit the orc wizard.
The orc wizard is lightly wounded.
You hit the orc but do no damage.
The orc wizard hits you with a +0 dagger.
The orc hits you with a +0 mace.
You hit the orc wizard.
The orc wizard is lightly wounded.
You hit the orc.
The orc wizard hits you with a +0 dagger.
* * * LOW HITPOINT WARNING * * *
You barely miss the orc wizard.
The orc wizard is lightly wounded.
You hit the orc.
A kobold comes into view. It is wielding a +0 short sword.
The orc wizard gestures at you while chanting.
The magic dart hits you.
* * * LOW HITPOINT WARNING * * *
The orc closely misses you.
You are confused.
You feel invigorated.
The kobold shouts!
The orc wizard closely misses you. The orc hits you with a +0 short sword.
* * * LOW HITPOINT WARNING * * *
The orc hits you with a +0 mace.
You die...

######## ######......###
#....#......#..
.#########....#......#..
......o.#............#..
.K....o@#............###
.......o#.........####..
..................####..
........................
#.......................
........................
........#...............
........................
...##....###.....#......


You could see an orc wizard, 2 orcs and a kobold.

Vanquished Creatures
  2 adders (D:2)
  A dart slug (D:1)
  An orc (D:3)
  6 endoplasms
  5 giant cockroaches
  7 goblins
  2 hobgoblins (D:1)
  A jackal (D:1)
  A quokka (D:2)
  4 ball pythons (D:1)
  3 bats
  2 frilled lizards (D:1)
  A kobold (D:1)
  5 rats
41 creatures vanquished.

Notes
Turn   | Place    | Note
-------+----------+-------------------------------------------
     0 | D:1      | booth the Demonspawn Monk began the quest for the Orb.
     0 | D:1      | Reached XP level 1. HP: 18/18 MP: 1/1
   139 | D:1      | Gained mutation: You have a somewhat thin skeletal
                  | structure. (Dex +2, Stealth+) [demonic ancestry]
   139 | D:1      | Reached XP level 2. HP: 22/24 MP: 2/2
   856 | D:2      | Reached XP level 3. HP: 29/29 MP: 3/3
  1634 | D:3      | Found a sparkling altar of Nemelex Xobeh.
  1868 | D:3      | Slain by an orc

Illustrated notes

Levels and vault maps discovered:
D:1:      evilmike_arrival_plus, layout_loops_ring, minmay_split_cup_small
D:2:      layout_basic
D:3:      layout_basic, mainiacjoe_overflow_chevrons,
          mainiacjoe_overflow_six_doors_small

Skill      XL: |  1  2 |
---------------+-------+-----
Axes           | 3 |  3.8
Fighting       | |  3.6
Dodging        | |  2.8

Action                     || total
---------------------------++-------
  Melee: Hand axe          ||   125
    Use: Scroll            ||     4
         Potion            ||     2
   Stab: Sleeping          ||     1
 Armour: Robe              ||    10
         Leather armour    ||     9
  Dodge: Dodged            ||    78
